 Dungeon Crawl Stone Soup version 0.28-a0-1594-ga885d4b3d6 (webtiles) character file.

Game seed: 16382389196276906537

38 a3don the Ducker (level 3, 0/29 HPs)
             Began as a Djinni Gladiator on Jan 21, 2022.
             Slain by a shadow imp (4 damage)
             ... summoned by Natasha
             ... on level 2 of the Dungeon.
             The game lasted 00:01:54 (1223 turns).

a3don the Ducker (Djinni Gladiator)                 Turns: 1223, Time: 00:01:55

Health: 0/29       AC:  4    Str: 13    XL:     3   Next: 65%
Gold:   27         EV: 12    Int: 17    God:
                   SH:  0    Dex: 14

rFire   + + .      SeeInvis .   a - +0 rapier
rCold   x . .      Faith    .   (no shield)
rNeg    . . .      Spirit   .   b - +0 leather armour
rPois   ∞          Reflect  .   c - +0 helmet
rElec   .          Harm     .   (no cloak)
rCorr   .          Rampage  .   (no gloves)
Will    .....                   (boots unavailable)
Stlth   +.........              (no amulet)
HPRegen 0.09/turn               i - +6 ring of intelligence
MPRegen 0.00/turn               (no ring)

@: flying
A: sickness immunity, fire resistance 2, cold vulnerability 1, float, innate
caster, hp casting, extra vitality 1
a: no special abilities


You were on level 2 of the Dungeon.
You visited 1 branch of the dungeon, and saw 2 of its levels.

You collected 27 gold pieces.

Inventory:

Hand Weapons
 a - a +0 rapier (weapon)
Missiles
 d - a throwing net (quivered)
 f - 53 stones
 g - 5 boomerangs
Armour
 b - a +0 leather armour (worn)
 c - a +0 helmet (worn)
Magical Staves
 l - a staff of death
Jewellery
 i - a +6 ring of intelligence (left hand)
Scrolls
 h - a scroll of fear {unknown}
 k - a scroll of blinking {unknown}
 n - a scroll of teleportation {unknown}
Potions
 e - 2 potions of curing {unknown}
 j - a potion of brilliance {unknown}
 m - a potion of haste {unknown}


   Skills:
 + Level 2.4 Fighting
 + Level 3.0 Short Blades
 - Level 1.5 Throwing
 + Level 3.6 Dodging
 * Level 1.1 Spellcasting


You had 3 spell levels left.
You knew the following spells:

 Your Spells              Type           Power      Damage    Failure   Level
a - Summon Small Mammal   Summ           20%        N/A       17%         1
Your spell library was empty.

Dungeon Overview and Level Annotations

Branches:
Dungeon (2/15)

Altars:

Annotations:
D:2 Natasha


Innate Abilities, Weirdness & Mutations

You are immune to sickness and miasma.
You are immune to poison.
Your flesh is very heat resistant. (rF++)
You are vulnerable to cold. (rC-)
You float through the air rather than walking.
You learn spells naturally, not from books.
Your magical power is your life essence.
You have superior vitality. (+4 MHP)


Message History

Natasha mumbles some strange words.
You barely miss Natasha.
Natasha is severely wounded.
Natasha closely misses you. The shadow imp gestures at you.
Pain shoots through your body!
You barely miss Natasha.
Natasha is severely wounded.
Natasha stares at you and mumbles some strange words.
The magic dart hits you.
Casting: Summon Small Mammal (safe; 17% risk of failure)
Confirm with . or Enter, or press ? or * to list all spells.
Natasha claws you.
You hit Natasha.
Natasha is almost dead.
Your bat misses the shadow imp.
Your bat hits the shadow imp but does no damage.
Natasha claws you.
* * * LOW HITPOINT WARNING * * *
The shadow imp barely misses you.
Throw: 3 throwing nets
Press: ? - help, Q - select action, (/) - cycle Shift-Dir - straight line, f - Natasha
Aim: Natasha (almost dead, 51% to hit)
Okay, then.
Throw: 3 throwing nets
Press: ? - help, Q - select action, (/) - cycle Shift-Dir - straight line, f - Natasha
Aim: Natasha (almost dead, 51% to hit)
You throw a throwing net. The throwing net barely misses Natasha.
Your bat hits the shadow imp but does no damage.
Natasha barely misses you.
Your bat hits Natasha but does no damage.
Throw: 2 throwing nets
Press: ? - help, Q - select action, (/) - cycle Shift-Dir - straight line, f/p - Natasha
Aim: Natasha (almost dead, 51% to hit)
You throw a throwing net. The throwing net hits Natasha.
Natasha is caught in the net!
Natasha is almost dead.
Your bat hits the shadow imp but does no damage.
Your bat hits Natasha. The shadow imp hits you.
You die...

###....#.#.##.#.....#.###.
######.#.##.#..#..#.###.
#.#.##.#######.#...
#.#.##.........#.##
###.#.############.#
.###...#.###....#.# #.#
..........##.##.#.###.#
.....b5...##.#<.......#
(.....h@..##.####.#####
.###....)#........#
#######.##.##### #.##.#
#....# ######


You could see Natasha (caught), a shadow imp (summoned, ally target) and a
friendly bat (summoned).

Vanquished Creatures
  2 dart slugs (D:1)
  4 ball pythons
  6 endoplasms (D:1)
  A giant cockroach (D:1)
  3 hobgoblins (D:1)
  3 quokkas (D:1)
  2 bats (D:1)
  2 frilled lizards
  A goblin (D:1)
  3 kobolds
  5 rats (D:1)
32 creatures vanquished.

Notes
Turn   | Place    | Note
-------+----------+-------------------------------------------
     0 | D:1      | a3don the Djinni Gladiator began the quest for the Orb.
     0 | D:1      | Reached XP level 1. HP: 18/18 MP: 0/0
   103 | D:1      | Reached XP level 2. HP: 20/23 MP: 0/0
   462 | D:1      | Reached XP level 3. HP: 28/28 MP: 0/0
   462 | D:1      | Learned a level 1 spell: Summon Small Mammal
   467 | D:1      | Reached skill level 1 in Spellcasting
  1211 | D:2      | Noticed Natasha
  1223 | D:2      | Slain by a shadow imp

Illustrated notes

Levels and vault maps discovered:
D:1:      arrival_zaba_pyramid, layout_loops_ring, minmay_ruptured
D:2:      layout_basic, uniq_natasha

Skill      XL: |  1  2  3 |
---------------+----------+-----
Spellcasting   | 1 |  1.1
Short Blades   | 3 |  3.0
Fighting       | |  2.4
Throwing       | |  1.5
Dodging        | |  3.6

Action                   || total
-------------------------++-------
Melee: Rapier            ||   103
       Punch             ||     2
Throw: Throwing net      ||     2
 Cast: Summon Small Mamm ||     1
 Stab: Sleeping          ||     3
Armor: Leather armour    ||    24
Dodge: Dodged            ||    81

Table legend: (Time is in decaauts)
 A = Elapsed time spent in this place.
 B = Non-inter-level travel time spent in this place.
 C = Inter-level travel time spent in this place.
 D = Time resting spent in this place.
 E = Time spent auto-exploring this place.
 F = Levels seen in this place.
 G = Mean time per level.
                   A        B        C        D        E       F      G
               +--------+--------+--------+--------+--------+-----+--------+
         Total |   1228 |   1212 |     16 |      0 |    989 |   2 |  614.0 |
       Dungeon |   1228 |   1212 |     16 |      0 |    989 |   2 |  614.0 |
               +--------+--------+--------+--------+--------+-----+--------+

Top non-repeatable levels by time:
     D:1: 1134 daAuts
     D:2: 94 daAuts
